[Event "IX Iberoamericano Championship 2023"]
[Site "Panama City"]
[Date "2023.11.27"]
[Round "3.16"]
[White "Yau De Leon, Oscar Adin"]
[Black "Pilarte, Rene"]
[Result "0-1"]
[ECO "C77"]
[WhiteElo "1560"]
[BlackElo "2010"]
[Annotator "RC"]
[PlyCount "72"]
[EventDate "2023.11.27"]
[EventType "swiss"]
[EventCountry "PAN"]
[SourceTitle "playchess.com"]
[Source "ChessBase"]
[SourceQuality "1"]
[TimeControl "5400+30"]

1. e4 e5 2. Nf3 Nc6 3. Bb5 a6 4. Ba4 Nf6 5. d3 b5 6. Bb3 Bc5 7. Nc3 h6 8. Nd5 d6 9. c3 Nxd5 10. Bxd5 Bd7 11. O-O O-O 12. d4 Bb6 13. Be3 Rb8 14. h3 Qf6 15. a3 Rbd8 16. b4 Ne7 17. Bb3 Qg6 18. Kh2 Qxe4 19. Bc2 Qc6 20. Rc1 e4 21. Ng1 d5 22. Qh5 f5 23. Ne2 Qf6 24. Ng1 f4 25. Bd2 c6 26. Qd1 f3 27. g3 Bc7 28. Be3 h5 29. Kh1 h4 30. Qd2 hxg3 31. fxg3 Nf5 32. Bf4 Nxg3+ 33. Bxg3 Bxg3 34. Ne2 Bc7 35. Rf2 Qh4 36. Ng1 Bf4 0-1

[Event "IX Iberoamericano Championship 2023"]
[Site "Panama City"]
[Date "2023.11.27"]
[Round "3.17"]
[White "Guevara Sanchez, Erick Marvin"]
[Black "Castillo Miranda, Mario Anel"]
[Result "1-0"]
[ECO "B84"]
[WhiteElo "2059"]
[BlackElo "1475"]
[Annotator "RC"]
[PlyCount "51"]
[EventDate "2023.11.27"]
[EventType "swiss"]
[EventCountry "PAN"]
[SourceTitle "playchess.com"]
[Source "ChessBase"]
[SourceQuality "1"]
[TimeControl "5400+30"]

1. e4 c5 2. Nf3 d6 3. d4 cxd4 4. Nxd4 Nf6 5. Nc3 a6 6. Be2 e6 7. Be3 Nbd7 8. O-O Be7 9. f4 b6 10. Nc6 Qc7 11. Nxe7 Kxe7 12. g4 Bb7 13. Bf3 Nc5 14. Qd4 e5 15. fxe5 dxe5 16. Qc4 h6 17. b4 Ne6 18. Qxc7+ Nxc7 19. Bxb6 Ne6 20. Nd5+ Bxd5 21. exd5 Nf4 22. c4 Rac8 23. Bc5+ Kd7 24. Bd1 Rhd8 25. Ba4+ Kc7 26. Be7 1-0

[Event "IX Iberoamericano Championship 2023"]
[Site "Panama City"]
[Date "2023.11.27"]
[Round "3.18"]
[White "Mejias Nunez, Rafael E."]
[Black "Leal Licon, Daniel Isai"]
[Result "1-0"]
[ECO "B13"]
[WhiteElo "2029"]
[BlackElo "1383"]
[Annotator "RC"]
[PlyCount "71"]
[EventDate "2023.11.27"]
[EventType "swiss"]
[EventCountry "PAN"]
[SourceTitle "playchess.com"]
[Source "ChessBase"]
[SourceQuality "1"]
[TimeControl "5400+30"]

1. e4 c6 2. d4 d5 3. exd5 cxd5 4. Bd3 Nf6 5. h3 Nc6 6. c3 h6 7. Nf3 Qc7 8. Na3 a6 9. Qe2 Bd7 10. Ne5 Nxe5 11. dxe5 Ng8 12. Nc2 e6 13. O-O Bc5 14. Nd4 Ne7 15. Kh1 Ng6 16. Bxg6 fxg6 17. Qg4 Ke7 18. Nb3 Bb5 19. Nxc5 Qxc5 20. Be3 Qc7 21. Qxg6 Qxe5 22. Bd4 Qg5 23. Bc5+ Kd7 24. Qf7+ Kc6 25. Qxe6+ Kxc5 26. b4+ Kc4 27. Qe2+ Kxc3 28. Rfc1+ Kxb4 29. Qb2+ Ka5 30. Qc3+ Kb6 31. Qc5+ Ka5 32. a4 Qxc1+ 33. Qxc1 Bc4 34. Qc3+ Kb6 35. Rb1+ Ka7 36. Qd4+ 1-0

[Event "IX Iberoamericano Championship 2023"]
[Site "Panama City"]
[Date "2023.11.28"]
[Round "4.1"]
[White "Almeida Quintana, Omar"]
[Black "Henriquez Villagra, Cristobal"]
[Result "0-1"]
[ECO "A48"]
[WhiteElo "2509"]
[BlackElo "2630"]
[Annotator "TA"]
[PlyCount "72"]
[EventDate "2023.11.27"]
[EventType "swiss"]
[EventCountry "PAN"]
[SourceTitle "playchess.com"]
[Source "ChessBase"]
[SourceQuality "1"]
[TimeControl "5400+30"]

1. d4 Nf6 2. Nf3 g6 3. Bf4 Bg7 4. e3 d6 5. h3 O-O 6. c3 Nc6 7. Nbd2 {[%emt 0:01:25] A48: 1 d4 Nf6 2 Nf3 g6: Torre, London and Colle Systems.} Nd7 8. Nc4 e5 9. dxe5 {[%emt 0:03:42] The position is equal.} dxe5 10. Bh2 Qe7 {[%emt 0:00:34] [#]} 11. Nfd2 $146 ({Predecessor:} 11. Be2 f5 12. O-O Kh8 13. Qc2 b6 14. a4 a6 15. Rad1 Bb7 16. Rd2 e4 17. Nd4 {0-1 Thorsteinsson,E (2132)-Edvardsson,K (2261) Reykjavik op 23rd 2008 (5)}) 11... b5 12. Na3 a6 13. e4 (13. Qc2 $142) 13... Nc5 $17 14. b4 Na4 15. Qc2 Rd8 16. Rd1 Be6 17. Nab1 Na7 {[%emt 0:05:26] Black has more active pieces.} 18. Be2 c5 19. bxc5 Qxc5 20. O-O Rdc8 21. Bg4 Nxc3 22. Nxc3 Bxg4 (22... Qxc3 23. Qxc3 Rxc3 24. Bxe6 fxe6 25. Nf3 $15) 23. hxg4 {[%emt 0:00:25] [#] And now Nb3 would win.} Qxc3 24. Qxc3 Rxc3 25. Nf3 Nc6 26. Rd7 Rc4 27. Rfd1 h6 28. Rc7 (28. g5 {is a better defense.}) 28... Nd4 29. Rxc4 Nxf3+ 30. gxf3 bxc4 {[%emt 0:00:03][%mdl 4096] Endgame KRB-KRB} 31. Kf1 g5 32. Ke2 (32. Ke1 $17) 32... Rb8 $19 33. Rd5 (33. Rc1 {was necessary.}) 33... Rb2+ 34. Ke3 {[%emt 0:03:05] [#]} f6 (34... Rxa2 35. Bxe5 Bxe5 36. Rxe5 $17) 35. Rc5 $2 (35. Rd2 {was the only defense.} c3 36. Rd8+ Bf8 37. Rc8) 35... Rc2 {[%emt 0:00:46] Strongly threatening ...Bf8.} ({Inferior is} 35... Rxa2 36. Rxc4 Bf8 37. Rc8 $19) 36. Bg3 (36. Rd5 $142 Rxa2 37. Rd2 Ra3+ 38. Ke2) 36... Bf8 {[%emt 0:00:27] Weighted Error Value: White=0.41/Black=0.06 (flawless)} ({And not} 36... Rxa2 37. Rxc4 Bf8 38. Kd3 $17) 0-1

[Event "IX Iberoamericano Championship 2023"]
[Site "Panama City"]
[Date "2023.11.28"]
[Round "4.2"]
[White "Espinosa Veloz, Ermes"]
[Black "Mareco, Sandro"]
[Result "1/2-1/2"]
[ECO "B50"]
[WhiteElo "2478"]
[BlackElo "2606"]
[Annotator "TA"]
[PlyCount "100"]
[EventDate "2023.11.27"]
[EventType "swiss"]
[EventCountry "PAN"]
[SourceTitle "playchess.com"]
[Source "ChessBase"]
[SourceQuality "1"]
[TimeControl "5400+30"]

1. e4 c5 2. Nf3 d6 3. c3 Nf6 4. h3 Nc6 5. Bd3 g5 6. Bc2 {[%emt 0:00:34] B50: Sicilian: 2...d6, Miscellaneous.} g4 7. hxg4 Bxg4 8. d4 d5 {[%emt 0:00:04] [#]} 9. exd5 $146 ({Predecessor:} 9. e5 Ne4 10. Be3 e6 11. a3 Qb6 12. Ra2 O-O-O 13. Nbd2 cxd4 14. cxd4 Nxd2 15. Qxd2 {0-1 Szpar,M (2403)-Nguyen,T (2577) POL-chT Ekstraliga 2021 (5.1)}) 9... Nxd5 10. dxc5 (10. Bxh7 $2 {perishes.} cxd4 11. cxd4 Nf6 $19) 10... e6 11. Be4 (11. Bxh7 Qf6 12. Qb3 Bxf3 13. Qxb7 Qe5+ 14. Be3 Nd8 15. Qb5+ (15. Qxa8 $2 {loses.} Bxg2 $19) 15... Ke7 $19) 11... Bxc5 12. Bxd5 Qxd5 13. Qxd5 exd5 14. Nbd2 O-O-O 15. Nb3 Rde8+ 16. Kf1 Bb6 17. Nbd4 h5 18. Be3 Bxf3 19. Nxf3 {[%emt 0:03:31] Hoping for Bxb6.} Bxe3 20. fxe3 Rxe3 21. Rd1 Ne5 22. Rxd5 Nxf3 23. gxf3 Rxf3+ $11 {[%emt 0:04:11][%mdl 4096] Endgame KRR-KRR} 24. Ke2 Rg3 25. Rhxh5 Rg2+ 26. Kd3 Rxh5 27. Rxh5 Rxb2 {[%emt 0:00:06][%cal Oc8d7] KR-KR} 28. Rf5 Rxa2 29. Rxf7 Ra6 30. c4 Rd6+ 31. Kc3 Rd7 32. Rf6 b6 33. Kb3 Kb7 34. Rh6 a6 35. Rg6 Rd3+ 36. Kb2 a5 37. Rh6 Kc7 38. Rg6 Rd6 39. Rg5 Kc6 40. Kb3 Rf6 41. Rh5 Rf3+ 42. Kb2 (42. Kc2 $11) 42... Re3 43. Rg5 Kd6 (43... Re4 $15 44. Kb3 Re6) 44. Rb5 (44. c5+ $1 $11 {should be considered.} bxc5 45. Rg6+ Re6 46. Rg8) 44... Kc6 45. Rg5 $1 a4 (45... Rh3 $15) 46. Rh5 {[%emt 0:00:36] The position is equal.} Rb3+ 47. Kc2 Rg3 48. Kb2 a3+ 49. Ka2 Rc3 50. Rg5 Rxc4 {[%emt 0:02:09] Weighted Error Value: White=0.03 (flawless) /Black=0.04 (flawless)} 1/2-1/2

[Event "IX Iberoamericano Championship 2023"]
[Site "Panama City"]
[Date "2023.11.28"]
[Round "4.3"]
[White "Cori, Jorge"]
[Black "Flores Quillas, Diego Saul Rodri"]
[Result "0-1"]
[ECO "E14"]
[WhiteElo "2626"]
[BlackElo "2414"]
[Annotator "TA"]
[PlyCount "120"]
[EventDate "2023.11.27"]
[EventType "swiss"]
[EventCountry "PAN"]
[SourceTitle "playchess.com"]
[Source "ChessBase"]
[SourceQuality "1"]
[TimeControl "5400+30"]

1. d4 Nf6 2. Nf3 e6 3. e3 c5 4. Bd3 b6 5. O-O Bb7 6. c4 Be7 7. Nc3 h6 {[%emt 0:00:57] E14: Queen's Indian: Classical Variation (4 e3).} 8. Bc2 cxd4 9. exd4 d5 {[%emt 0:00:15] White has an edge.} 10. cxd5 Nxd5 {[%emt 0:00:29] [#]} 11. Ne5 $146 ({Predecessor:} 11. Nxd5 Bxd5 12. Ne5 O-O 13. Qg4 f5 14. Qg3 Rf6 15. Ba4 Kh7 16. h4 Bd6 17. h5 {1-0 Barseghyan,A (1849)-Grigoryan,A (1978) Yerevan Asrian Memorial 9th 2016 (4)}) 11... Nc6 $1 12. Qg4 {[%emt 0:06:04][%cal Oe5f7] Black must now prevent Nxf7!} Nxe5 13. dxe5 Nxc3 14. bxc3 Qd5 15. Ba4+ (15. Qxg7 $2 O-O-O 16. f3 Bc5+ 17. Kh1 Qc4 18. Bxh6 Qh4 $19) 15... Kf8 16. Rd1 Qxe5 17. Bf4 Qa5 18. Bb3 (18. Be3 $11) 18... h5 $15 (18... Qxc3 19. Rac1 h5 20. Qxe6 fxe6 21. Rxc3 $16) 19. Qe2 Qf5 ({But not} 19... Qxc3 $6 20. Rac1 Qf6 21. Be3 $11) 20. Rd4 h4 21. Rad1 h3 (21... Qg6 $15 22. f3 h3) 22. Bc2 {[%emt 0:01:21][%mdl 1024] White has compensation.} Qh5 $40 {[%emt 0:05:42][%mdl 128] Black is up to no good.} (22... Qc5 $5 ) 23. g4 $1 Qc5 24. Rd7 $2 (24. Be4 $11 {and White has nothing to worry.} Bxe4 25. Qxe4) 24... Qc6 $19 25. f3 Qxf3 26. Qxf3 Bxf3 27. R1d2 Bc6 28. Rc7 Bc5+ 29. Kf1 Bb5+ ({Black should play} 29... Bd5 30. Bb3 Rh4) 30. Ke1 $17 Rh4 31. Bd1 Bc4 (31... e5 $5 32. Bg5 Rh8 $15) 32. Bg5 Rh8 33. Bf3 {[%emt 0:00:01] [#]} (33. Rdd7 $11 {remains equal.} e5 34. Rxa7) 33... Bd5 $1 34. Bxd5 exd5 35. Rxd5 {[%emt 0:00:04][%cal Oc7a7] [#]} f6 $1 36. Bd2 (36. Bc1 $17 {is a better defense.}) 36... Rh4 $19 37. g5 {[%emt 0:00:01] [#]} (37. Rh5 $142 Rxh5 38. gxh5) 37... Re8+ (37... Bg1 $1 $19 38. g6 Rg4) 38. Kd1 $17 Re7 39. Rc6 Kf7 40. gxf6 gxf6 {[%emt 0:00:06] aiming for ...Bg1.} 41. Rf5 (41. Rd3 $17) 41... Re6 $19 42. Rc7+ Kg6 43. Rf3 Bd6 44. Rc6 Kf7 45. Bg5 Rg4 46. Bxf6 (46. Be3) 46... Rg1+ ({Inferior is} 46... Rxf6 47. Rxf6+ Kxf6 48. Rxd6+ Ke5 49. Rd2 $19) (46... Rf4 $142 47. Rxf4 Bxf4 {[%mdl 64] Discovered Attack} 48. Rxe6 Kxe6) 47. Kc2 {[%emt 0:00:15] Hoping for Bd4+.} Rg2+ 48. Kb3 Rxf6 49. Rxf6+ Kxf6 50. Rxd6+ {[%emt 0:00:05][%mdl 4096] Endgame KR-KR} Kf5 ({Not} 50... Ke5 $2 51. Rd7 $19) (50... Kg5 $19 {has better winning chances.} 51. Rd5+ Kf4 52. Rd4+ Kg5 53. Rd5+ Kf4 54. Rd4+ Kf3 55. Rd3+ Kg4 56. Rd4+ Kh5 57. Rd5+ Kg6 58. Rd6+ Kf5 59. Rd5+ Kg6 60. Rd6+ Kf5 61. Rd5+ Kg6) 51. Rd3 $2 (51. a4 $17) 51... Rxh2 52. a3 $2 (52. Kc4) 52... Ke4 53. Rg3 (53. Rd4+ Ke5 54. Rh4) 53... Rh1 $2 (53... b5 {...a5 would be deadly.} 54. Rg5 Rh1) 54. Kb2 $2 (54. Kc4) 54... Kf4 55. Rd3 Kg4 56. Rd4+ Kf3 57. Rd3+ Ke2 58. Rd7 Rg1 {[%emt 0:01:07] ( -> ...h2)} 59. Rh7 Rg3 60. Rxa7 Kf2 {[%emt 0:00:09] Weighted Error Value: White=0.71/Black=0.38} 0-1

[Event "IX Iberoamericano Championship 2023"]
[Site "Panama City"]
[Date "2023.11.28"]
[Round "4.4"]
[White "Hernandez Guerrero, Gilberto"]
[Black "Rodriguez Vila, Andres"]
[Result "1/2-1/2"]
[ECO "C77"]
[WhiteElo "2527"]
[BlackElo "2405"]
[Annotator "RC"]
[PlyCount "33"]
[EventDate "2023.11.27"]
[EventType "swiss"]
[EventCountry "PAN"]
[SourceTitle "playchess.com"]
[Source "ChessBase"]
[SourceQuality "1"]
[TimeControl "5400+30"]

1. e4 e5 2. Nf3 Nc6 3. Bb5 a6 4. Ba4 Nf6 5. Nc3 Bc5 6. O-O d6 7. d4 exd4 8. Nxd4 Bd7 9. Nxc6 Bxc6 10. Bxc6+ bxc6 11. Qf3 Nd7 12. Be3 O-O 13. Bxc5 Nxc5 14. Rfe1 Re8 15. Rad1 Qb8 16. b3 Qb4 17. Re3 1/2-1/2

[Event "IX Iberoamericano Championship 2023"]
[Site "Panama City"]
[Date "2023.11.28"]
[Round "4.5"]
[White "Berdayes Ason, Dylan Isidro"]
[Black "Zambrana, Osvaldo"]
[Result "1/2-1/2"]
[ECO "D37"]
[WhiteElo "2507"]
[BlackElo "2400"]
[Annotator "RC"]
[PlyCount "111"]
[EventDate "2023.11.27"]
[EventType "swiss"]
[EventCountry "PAN"]
[SourceTitle "playchess.com"]
[Source "ChessBase"]
[SourceQuality "1"]
[TimeControl "5400+30"]

1. d4 e6 2. c4 d5 3. Nc3 h6 4. Nf3 Nf6 5. Bf4 Bd6 6. Bxd6 Qxd6 7. e3 O-O 8. c5 Qe7 9. Be2 Nbd7 10. O-O c6 11. b4 b6 12. Qc2 a5 13. a3 Bb7 14. e4 dxe4 15. Nxe4 Nxe4 16. Qxe4 Nf6 17. Qc2 Ba6 18. Ne5 Bxe2 19. Qxe2 Qc7 20. Nc4 bxc5 21. bxc5 Nd7 22. Rfb1 Rfb8 23. g3 a4 24. Qc2 e5 25. dxe5 Nxc5 26. Rxb8+ Rxb8 27. Nd6 Nb3 28. Rd1 c5 29. Qc4 Qe7 30. Re1 Qe6 31. Qe4 Nd4 32. Rc1 Qh3 33. Nc4 Rb3 34. Nd2 Rb2 35. Rb1 Rxb1+ 36. Nxb1 Qe6 37. Nc3 Qb3 38. Qa8+ Kh7 39. Nxa4 Qxa3 40. Qe4+ Kh8 41. Qa8+ Kh7 42. Kg2 Ne6 43. Qe4+ g6 44. Nb6 Qb4 45. Nc4 Kg7 46. h4 h5 47. Qd5 Nc7 48. Qd3 Qb7+ 49. Qf3 Qd5 50. Qxd5 Nxd5 51. Kf3 f6 52. Ke4 Nc3+ 53. Kd3 Nd5 54. f4 fxe5 55. Nxe5 Ne7 56. g4 1/2-1/2

[Event "IX Iberoamericano Championship 2023"]
[Site "Panama City"]
[Date "2023.11.28"]
[Round "4.6"]
[White "Ordaz Valdes, Lisandra Teresa"]
[Black "Cuenca Jimenez, Jose Fernando"]
[Result "0-1"]
[ECO "E71"]
[WhiteElo "2306"]
[BlackElo "2505"]
[Annotator "RC"]
[PlyCount "92"]
[EventDate "2023.11.27"]
[EventType "swiss"]
[EventCountry "PAN"]
[SourceTitle "playchess.com"]
[Source "ChessBase"]
[SourceQuality "1"]
[TimeControl "5400+30"]

1. d4 Nf6 2. c4 g6 3. Nc3 Bg7 4. e4 d6 5. h3 Nbd7 6. Bd3 e5 7. d5 a5 8. g4 Nc5 9. Bc2 h5 10. g5 Nh7 11. Nf3 f6 12. Nh4 Nf8 13. Nf3 Qe7 14. Be3 Nh7 15. Qd2 fxg5 16. Nxg5 Bh6 17. h4 Bg4 18. Rg1 Bxg5 19. hxg5 O-O 20. Bd1 Bxd1 21. Qxd1 Rf7 22. Qe2 Na6 23. O-O-O Nf8 24. f3 Nd7 25. Rgf1 Raf8 26. Qg2 Ndc5 27. Kb1 Nd7 28. Nb5 Ndc5 29. Nc3 Nd7 30. Nb5 Qd8 31. Bd2 b6 32. Be3 Ndc5 33. Rf2 a4 34. Nc3 Qd7 35. Nb5 Nb7 36. Qf1 Nbc5 37. Rdd2 Nb4 38. Nc3 Ncd3 39. Rxd3 Nxd3 40. Qxd3 Rxf3 41. Rxf3 Rxf3 42. Qe2 Qh3 43. Bc1 Qf1 44. Qc2 h4 45. Qxa4 h3 46. Qe8+ Kh7 0-1

[Event "IX Iberoamericano Championship 2023"]
[Site "Panama City"]
[Date "2023.11.28"]
[Round "4.7"]
[White "Miranda Mesa, Elier"]
[Black "Esmeraldas Huachi, Anderson"]
[Result "1-0"]
[ECO "B23"]
[WhiteElo "2490"]
[BlackElo "2120"]
[Annotator "RC"]
[PlyCount "37"]
[EventDate "2023.11.27"]
[EventType "swiss"]
[EventCountry "PAN"]
[SourceTitle "playchess.com"]
[Source "ChessBase"]
[SourceQuality "1"]
[TimeControl "5400+30"]

1. e4 c5 2. Nc3 Nc6 3. Bb5 Nd4 4. Bc4 e6 5. Nge2 Nf6 6. O-O d5 7. exd5 exd5 8. Nxd5 Nxd5 9. Nxd4 cxd4 10. Qh5 Be6 11. Re1 Be7 12. Rxe6 Nf6 13. Rxf6 gxf6 14. Bb5+ Kf8 15. d3 Bb4 16. Bh6+ Ke7 17. c3 Qc7 18. Re1+ Kd8 19. cxb4 1-0

[Event "IX Iberoamericano Championship 2023"]
[Site "Panama City"]
[Date "2023.11.28"]
[Round "4.8"]
[White "Matamoros Franco, Carlos S."]
[Black "Ynojosa Aponte, Felix Jose"]
[Result "1/2-1/2"]
[ECO "B14"]
[WhiteElo "2455"]
[BlackElo "2393"]
[Annotator "RC"]
[PlyCount "85"]
[EventDate "2023.11.27"]
[EventType "swiss"]
[EventCountry "PAN"]
[SourceTitle "playchess.com"]
[Source "ChessBase"]
[SourceQuality "1"]
[TimeControl "5400+30"]

1. Nf3 c5 2. c4 b6 3. Nc3 Bb7 4. e3 Nf6 5. d4 cxd4 6. exd4 e6 7. a3 d5 8. Bd3 Be7 9. O-O O-O 10. Re1 Nc6 11. Bg5 h6 12. Be3 Rc8 13. cxd5 Nxd5 14. Bc2 Nxc3 15. Qd3 f5 16. bxc3 Na5 17. Bxh6 gxh6 18. Rxe6 Rc6 19. Rae1 Rxe6 20. Rxe6 Be4 21. Rxe4 fxe4 22. Qxe4 Rf7 23. Qg6+ Rg7 24. Qe6+ Kf8 25. Ne5 Qd6 26. Qc8+ Bd8 27. Qf5+ Kg8 28. Be4 b5 29. g3 Nc4 30. Ng4 Nb6 31. Qh5 Rxg4 32. Qxg4+ Kf8 33. Qf5+ Bf6 34. Qg6 h5 35. Qh6+ Ke7 36. Qh7+ Kd8 37. Qxa7 Na4 38. Qa8+ Ke7 39. Bg6 Qd7 40. Qg8 Kd6 41. Qb8+ Ke7 42. Qg8 Kd6 43. Qb8+ 1/2-1/2

[Event "IX Iberoamericano Championship 2023"]
[Site "Panama City"]
[Date "2023.11.28"]
[Round "4.9"]
[White "Ortiz Verdezoto, Anahi"]
[Black "De La Riva Aguado, Oscar"]
[Result "1/2-1/2"]
[ECO "A86"]
[WhiteElo "2175"]
[BlackElo "2437"]
[Annotator "RC"]
[PlyCount "48"]
[EventDate "2023.11.27"]
[EventType "swiss"]
[EventCountry "PAN"]
[SourceTitle "playchess.com"]
[Source "ChessBase"]
[SourceQuality "1"]
[TimeControl "5400+30"]

1. d4 f5 2. c4 Nf6 3. g3 g6 4. Bg2 Bg7 5. Nh3 Nc6 6. d5 Ne5 7. Qc2 c6 8. O-O O-O 9. Nf4 Nf7 10. Rd1 Qc7 11. Nc3 e5 12. dxe6 dxe6 13. b4 e5 14. Nd3 e4 15. Nc5 Qe7 16. a3 Ng4 17. h3 Nge5 18. Rb1 Nd6 19. b5 Ndxc4 20. bxc6 bxc6 21. N3a4 Kh8 22. Rb4 Qf7 23. f4 exf3 24. exf3 Nb6 1/2-1/2

[Event "IX Iberoamericano Championship 2023"]
[Site "Panama City"]
[Date "2023.11.28"]
[Round "4.10"]
[White "Ibanez Zanetti, Sebastian Andres"]
[Black "Chinchilla, Alejandro Jose"]
[Result "0-1"]
[ECO "B00"]
[WhiteElo "1462"]
[BlackElo "2127"]
[Annotator "RC"]
[PlyCount "30"]
[EventDate "2023.11.27"]
[EventType "swiss"]
[EventCountry "PAN"]
[SourceTitle "playchess.com"]
[Source "ChessBase"]
[SourceQuality "1"]
[TimeControl "5400+30"]

1. e4 Nc6 2. Nf3 d5 3. exd5 Qxd5 4. Nc3 Qd6 5. d4 Nf6 6. h3 a6 7. Be2 Bf5 8. d5 Nb4 9. Nd4 Bg6 10. Bf3 e5 11. dxe6 Qxd4 12. exf7+ Kxf7 13. Qxd4 Nxc2+ 14. Kd2 Nxd4 15. Bxb7 Rd8 0-1

[Event "IX Iberoamericano Championship 2023"]
[Site "Panama City"]
[Date "2023.11.28"]
[Round "4.11"]
[White "Delgado Rosas, Alex Antonio"]
[Black "Soto Hernandez, Henry"]
[Result "1/2-1/2"]
[ECO "D32"]
[WhiteElo "2105"]
[BlackElo "2490"]
[Annotator "RC"]
[PlyCount "66"]
[EventDate "2023.11.27"]
[EventType "swiss"]
[EventCountry "PAN"]
[SourceTitle "playchess.com"]
[Source "ChessBase"]
[SourceQuality "1"]
[TimeControl "5400+30"]

1. d4 d5 2. Nf3 c5 3. dxc5 e6 4. e3 Bxc5 5. a3 a5 6. c4 Nf6 7. Nc3 O-O 8. cxd5 exd5 9. Be2 Nc6 10. O-O Be6 11. Qa4 Qe7 12. b3 Rfd8 13. Rd1 Bf5 14. Nb5 Ne4 15. Bd2 Bd7 16. Be1 Be8 17. Rac1 b6 18. Nd2 Nf6 19. Qf4 d4 20. Nc4 Rac8 21. Bf3 dxe3 22. Nxe3 Ne5 23. Be2 Ng6 24. Qg3 Ne4 25. Nf5 Qf6 26. Qf3 Ng5 27. Nh6+ Kf8 28. Qxf6 gxf6 29. b4 axb4 30. axb4 Nf4 31. Bf1 Rxd1 32. Rxd1 Be7 33. Nf5 Rc2 1/2-1/2

[Event "IX Iberoamericano Championship 2023"]
[Site "Panama City"]
[Date "2023.11.28"]
[Round "4.12"]
[White "Fernandez, Maria Florencia"]
[Black "Diaz Perez, Michel Alejandro"]
[Result "0-1"]
[ECO "E32"]
[WhiteElo "2099"]
[BlackElo "2459"]
[Annotator "RC"]
[PlyCount "106"]
[EventDate "2023.11.27"]
[EventType "swiss"]
[EventCountry "PAN"]
[SourceTitle "playchess.com"]
[Source "ChessBase"]
[SourceQuality "1"]
[TimeControl "5400+30"]

1. d4 Nf6 2. c4 e6 3. Nc3 Bb4 4. Qc2 b6 5. e4 c5 6. d5 Qe7 7. Nge2 exd5 8. exd5 Ne4 9. Be3 Nd6 10. Ng3 Qe5 11. O-O-O Bxc3 12. bxc3 O-O 13. Bd3 f5 14. Rde1 Qf6 15. h4 h6 16. Nh5 Qf7 17. Bf4 Ne4 18. Ng3 d6 19. Bxe4 fxe4 20. Bxd6 Rd8 21. Bxb8 Rxb8 22. Rxe4 b5 23. Rhe1 bxc4 24. R1e3 Qxd5 25. Re8+ Rxe8 26. Rxe8+ Kf7 27. Qe4 Qxe4 28. Rxe4 Rb5 29. Rxc4 Ra5 30. Ne4 Be6 31. Rxc5 Rxa2 32. h5 a5 33. Rc7+ Kg8 34. g3 a4 35. f4 a3 36. Ra7 Ra1+ 37. Kd2 a2 38. Nc5 Bd5 39. c4 Bxc4 40. Ra8+ Kf7 41. Ne4 Ke6 42. Nc3 Rg1 43. Nxa2 Bxa2 44. Ke2 Rg2+ 45. Kf1 Bd5 46. Ra6+ Kf7 47. Ra7+ Kg8 48. Rd7 Bc6 49. Rd6 Rc2 50. g4 Bg2+ 51. Ke1 Bf3 52. Rg6 Rg2 53. g5 Bxh5 0-1

[Event "IX Iberoamericano Championship 2023"]
[Site "Panama City"]
[Date "2023.11.28"]
[Round "4.13"]
[White "Sanchez Alvarez, Roberto Carlos"]
[Black "Morales Carlos"]
[Result "1-0"]
[ECO "D42"]
[WhiteElo "2437"]
[BlackElo "2102"]
[Annotator "RC"]
[PlyCount "53"]
[EventDate "2023.11.27"]
[EventType "swiss"]
[EventCountry "PAN"]
[SourceTitle "playchess.com"]
[Source "ChessBase"]
[SourceQuality "1"]
[TimeControl "5400+30"]

1. d4 Nf6 2. c4 e6 3. Nc3 d5 4. cxd5 Nxd5 5. Nf3 c5 6. e3 Nc6 7. Bd3 cxd4 8. exd4 Be7 9. O-O O-O 10. Re1 Nxc3 11. bxc3 b6 12. h4 Bf6 13. Ng5 g6 14. Qf3 Bd7 15. Qg3 Ne7 16. h5 Nf5 17. Bxf5 exf5 18. hxg6 fxg6 19. Qh4 h5 20. Qg3 Re8 21. Bf4 Rc8 22. Ne6 Rxe6 23. Qxg6+ Kf8 24. Bh6+ Ke7 25. Qxf5 Rxe1+ 26. Rxe1+ Kd6 27. Qe4 1-0

[Event "IX Iberoamericano Championship 2023"]
[Site "Panama City"]
[Date "2023.11.28"]
[Round "4.14"]
[White "Duran Vega, Sergio"]
[Black "Obregon Garcia, Roxangel"]
[Result "1-0"]
[ECO "E06"]
[WhiteElo "2392"]
[BlackElo "2138"]
[Annotator "RC"]
[PlyCount "69"]
[EventDate "2023.11.27"]
[EventType "swiss"]
[EventCountry "PAN"]
[SourceTitle "playchess.com"]
[Source "ChessBase"]
[SourceQuality "1"]
[TimeControl "5400+30"]

1. Nf3 d5 2. g3 Nf6 3. Bg2 e6 4. d4 Be7 5. O-O O-O 6. c4 c6 7. Nbd2 b6 8. b3 a5 9. Bb2 Bb7 10. Ne5 b5 11. e4 a4 12. exd5 exd5 13. c5 b4 14. a3 Ba6 15. Re1 bxa3 16. Rxa3 axb3 17. Qxb3 Ra7 18. Qa2 Ne8 19. Bc3 Nc7 20. Ba5 Bb5 21. Bh3 Bf6 22. Ndf3 Re8 23. Rae3 g6 24. Qd2 Rf8 25. Bb6 Rb7 26. Qa5 Bg7 27. Qd2 h6 28. Ra3 Kh7 29. Qa2 Qf6 30. Ng4 Qd8 31. Ra7 Rxa7 32. Qxa7 Nba6 33. Nge5 Qa8 34. Qxa8 Nxa8 35. Nd7 1-0

[Event "IX Iberoamericano Championship 2023"]
[Site "Panama City"]
[Date "2023.11.28"]
[Round "4.15"]
[White "Mendez Machado, Andre"]
[Black "Roselli Mailhe, Bernardo"]
[Result "0-1"]
[ECO "C03"]
[WhiteElo "2096"]
[BlackElo "2364"]
[Annotator "RC"]
[PlyCount "66"]
[EventDate "2023.11.27"]
[EventType "swiss"]
[EventCountry "PAN"]
[SourceTitle "playchess.com"]
[Source "ChessBase"]
[SourceQuality "1"]
[TimeControl "5400+30"]

1. e4 e6 2. d4 d5 3. Nd2 a6 4. e5 c5 5. c3 Nc6 6. Ngf3 cxd4 7. cxd4 Qb6 8. Bd3 Bd7 9. O-O Rc8 10. a3 Na5 11. b4 Nc4 12. Bxc4 dxc4 13. Ne4 Bc6 14. Nc3 Ne7 15. Qe2 h6 16. Be3 Qd8 17. Nd2 Nd5 18. Nde4 Nxc3 19. Nxc3 Bd5 20. f4 g6 21. h3 h5 22. g3 Be7 23. h4 Qd7 24. Rfb1 O-O 25. Kh2 Kg7 26. Qd2 Rfd8 27. Rb2 b5 28. Qf2 Ra8 29. a4 a5 30. Nxd5 Qxd5 31. axb5 axb4 32. Rxa8 Rc8 33. Rb8 Rxb8 0-1

[Event "IX Iberoamericano Championship 2023"]
[Site "Panama City"]
[Date "2023.11.28"]
[Round "4.16"]
[White "Soto, Miguel Angel"]
[Black "Battikh, Jose Miguel"]
[Result "1-0"]
[ECO "A48"]
[WhiteElo "2359"]
[BlackElo "2098"]
[Annotator "RC"]
[PlyCount "35"]
[EventDate "2023.11.27"]
[EventType "swiss"]
[EventCountry "PAN"]
[SourceTitle "playchess.com"]
[Source "ChessBase"]
[SourceQuality "1"]
[TimeControl "5400+30"]

1. d4 Nf6 2. Nf3 g6 3. Bg5 Bg7 4. Nbd2 O-O 5. e4 d5 6. exd5 Nxd5 7. Bc4 Nb6 8. Bb3 Nc6 9. c3 h6 10. Bh4 Bf5 11. O-O Qd7 12. Re1 Rae8 13. Ne4 Bxe4 14. Rxe4 e5 15. dxe5 Qxd1+ 16. Rxd1 Rd8 17. e6 a5 18. exf7+ 1-0